 Dungeon Crawl Stone Soup version 0.23-a0-269-g65e0026 (webtiles) character file.

131577 MisterFreud the Thaumaturge (level 17, 0/131 HPs)
             Began as a Gnoll Necromancer on Sept 28, 2018.
             Was the Champion of Kikubaaqudgha.
             Slain by a shadow (31 damage)
             ... on level 3 of the Swamp on Sept 30, 2018.
             The game lasted 02:19:39 (32707 turns).

MisterFreud the Thaumaturge (Gnoll Necromancer)    Turns: 32707, Time: 02:19:39

Health: 0/131      AC: 34    Str: 10    XL:     17   Next: 10%
Magic:  8/29       EV: 13    Int: 23    God:    Kikubaaqudgha [******]
Gold:   1095       SH:  9    Dex: 14    Spells: 11/40 levels left

rFire    + + .     SeeInvis .   W - +7 demon trident (pain)
rCold    + . .     Gourm    .   D - +2 buckler {rC+}
rNeg     + . .     Faith    .   S - +4 fire dragon scales
rPois    .         Spirit   .   m - +1 helmet
rElec    +         Reflect  .   Q - +2 cloak "Tyunuczu" {rElec rN+}
rCorr    .         Harm     .   q - +0 pair of gloves (curse)
MR       +....                  G - +1 pair of boots {Fly}
Stlth    +++.......             B - amulet of the acrobat
HPRegen  1.31/turn              M - ring of protection from cold
MPRegen  0.21/turn              J - ring of Robustness {AC+8}

@: lethally poisoned (0 -> 0), flying, very slightly contaminated, regenerating
A: distributed training, fangs 1, clumsy 1, low mp 1, weak 1, strong nose
a: Receive Corpses, Torment, Renounce Religion, Stop Flying


You were on level 3 of the Swamp.
You worshipped Kikubaaqudgha.
Kikubaaqudgha was exalted by your worship.
You were not hungry.

You visited 5 branches of the dungeon, and saw 27 of its levels.
You visited the Abyss 1 time.

You collected 2403 gold pieces.
You spent 1308 gold pieces at shops.

Inventory:

Hand Weapons
 a - a +9 scimitar of electrocution
 b - a +2 hunting sling of flaming
 z - a +2 demon trident of draining
 W - a +7 demon trident of pain (weapon)
Missiles
 g - 2 javelins
 s - 5 throwing nets
 t - 221 sling bullets
 y - 777 stones (quivered)
Armour
 m - a +1 helmet (worn)
 q - a cursed +0 pair of gloves (worn)
 D - a +2 buckler of cold resistance (worn)
 G - a +1 pair of boots of flying (worn)
 Q - the +2 cloak "Tyunuczu" (worn) {rElec rN+}
   (You found it on level 2 of the Lair of Beasts)

   It insulates you from electricity.
   It protects you from negative energy.
 S - +4 fire dragon scales (worn)
Jewellery
 o - a +5 ring of dexterity
 A - an uncursed ring of fire
 B - an amulet of the acrobat (around neck)
 J - the ring of Robustness (right hand) {AC+8}
   (You found it on level 6 of the Dungeon)

   [ring of protection]

   It affects your AC (+8).
 M - a ring of protection from cold (left hand)
 O - an uncursed ring of protection from magic
 R - an uncursed ring of ice {unknown}
 V - an uncursed ring of poison resistance
 X - an uncursed ring of protection from magic
Wands
 p - a wand of acid (6)
 x - a wand of iceblast (28)
 E - a wand of scattershot (4)
 H - a wand of polymorph (44)
 P - a wand of flame (79)
 Y - a wand of random effects (67)
 Z - a wand of digging (8)
Scrolls
 h - a scroll of teleportation
 j - 8 scrolls of remove curse
 k - 2 scrolls of magic mapping
 v - 4 scrolls of fog
 w - 3 scrolls of amnesia
 N - 2 scrolls of brand weapon
 U - a scroll of noise {unknown}
Potions
 d - a potion of berserk rage
 e - 6 potions of curing
 f - 3 potions of agility
 i - 3 potions of haste
 l - 3 potions of lignification
 n - 4 potions of brilliance
 r - a potion of resistance
 u - 8 potions of flight
 C - a potion of invisibility
 F - 3 potions of mutation
 I - a potion of might
 K - 3 potions of heal wounds
 L - a potion of magic
 T - a potion of cancellation
Comestibles
 c - 36 rations


   Skills:
 + Level 11.1 Fighting
 + Level 11.1 Short Blades
 + Level 11.1 Long Blades
 + Level 11.1 Axes
 + Level 11.1 Maces & Flails
 + Level 11.1 Polearms
 + Level 11.1 Staves
 + Level 11.1 Slings
 + Level 11.1 Bows
 + Level 11.1 Crossbows
 + Level 11.1 Throwing
 + Level 11.1 Armour
 + Level 11.9 Dodging
 + Level 11.8 Stealth
 + Level 11.1 Shields
 + Level 11.1 Unarmed Combat
 + Level 12.0 Spellcasting
 + Level 9.4 Conjurations
 + Level 9.4 Hexes
 + Level 9.4 Charms
 + Level 9.4 Summonings
 + Level 11.6 Necromancy
 + Level 9.4 Translocations
 + Level 9.4 Transmutations
 + Level 9.4 Fire Magic
 + Level 9.4 Ice Magic
 + Level 9.4 Air Magic
 + Level 9.4 Earth Magic
 + Level 9.4 Poison Magic
 + Level 12.0 Invocations
 + Level 11.1 Evocations


You had 11 spell levels left.
You knew the following spells:

 Your Spells              Type           Power        Failure   Level  Hunger
a - Pain                  Necr           ####         1%          1    None
b - Vampiric Draining     Necr           ######....   1%          3    None
c - Regeneration          Chrm/Necr      ######....   1%          3    None
d - Animate Dead          Necr           N/A          2%          4    None
e - Borgnjor's Vile Clut  Necr/Erth      ######....   11%         5    ####...
f - Summon Lightning Spi  Summ/Air       ######..     6%          4    None
g - Spectral Weapon       Hex/Chrm       ######..     1%          3    None
h - Death Channel         Necr           ######....   36%         6    #####..

Your spell library contained the following spells:

 Spells                   Type           Power        Failure   Level  Hunger
 Animate Skeleton         Necr           N/A          1%          1    None
 Corona                   Hex            ######.      1%          1    None
 Infusion                 Chrm           ####         1%          1    None
 Shroud of Golubria       Chrm/Tloc      ######....   1%          2    None
 Slow                     Hex            ######..     1%          2    None
 Song of Slaying          Chrm           ######..     1%          2    None
 Sublimation of Blood     Necr           ######....   1%          2    None
 Inner Flame              Hex/Fire       ######..     1%          3    None
 Portal Projectile        Hex/Tloc       ######       1%          3    None
 Recall                   Summ/Tloc      N/A          1%          3    None
 Static Discharge         Conj/Air       ######..     1%          3    None
 Cause Fear               Hex            ######....   6%          4    None
 Leda's Liquefaction      Hex/Erth       ######....   6%          4    None
 Dispel Undead            Necr           ######..     7%          5    ####...
 Bolt of Draining         Conj/Necr      ######....   11%         5    ####...
 Aura of Abjuration       Summ           ######....   16%         5    ####...
 Lightning Bolt           Conj/Air       ######....   16%         5    ####...
 Silence                  Hex/Air        ######....   16%         5    ####...
 Summon Demon             Summ           ######....   16%         5    ####...
 Summon Forest            Summ/Tloc      ######....   16%         5    ####...
 Summon Mana Viper        Hex/Summ       ######..     16%         5    ####...
 Conjure Ball Lightning   Conj/Air       ######....   65%         6    #####..
 Deflect Missiles         Chrm/Air       ######....   65%         6    #####..
 Shadow Creatures         Summ           N/A          65%         6    #####..
 Ignition                 Fire           ######....   100%        8    #######
 Shatter                  Erth           ######....   100%        9    #######
 Tornado                  Air            ######....   100%        9    #######


Dungeon Overview and Level Annotations

Branches:
Dungeon (14/15)            Temple (1/1) D:5            Lair (6/6) D:10
  Swamp (4/4) Lair:2       Spider (0/4) Lair:2        Slime (0/5) Lair:5
    Orc (2/2) D:11            Elf (0/3) Orc:2        Vaults (0/5) D:14

Altars:
Ashenzari
Cheibriados
Dithmenos
Elyvilon
Fedhas
Gozag
Hepliaklqana
Kikubaaqudgha
Makhleb
Nemelex Xobeh
Okawaru
Qazlal
Ru
Sif Muna
Trog
Uskayaw
Vehumet
Wu Jian
Xom
Yredelemnul
Zin
The Shining One

Shops:
D:10 *   D:11 [(   Orc:2 %(:!*

Portals:
Hell: Lair:6

Annotations:
D:3 exclusion: oklob plant
D:7 3 runed doors, zkyp's ghost, novice DgGl
Lair:5 3 runed doors, exclusion: 2 oklob plants, Xeddua's ghost, journeyman MiBe


Innate Abilities, Weirdness & Mutations

Your experience applies equally to all skills.
You have very sharp teeth.
Your uncanny sense of smell can sniff out nearby items.
You are clumsy. (Dex -2)
Your magical capacity is low. (-10% MP)
You are weak. (Str -2)


Message History

Casting: Borgnjor's Vile Clutch (slightly dangerous; 11% risk of failure)
Confirm with . or Enter, or press ? or * to list all spells.
Aiming: Borgnjor's Vile Clutch (slightly dangerous; 11% risk of failure)
Press: ? - help, Dir - move target cursor, f - spiny frog
Aim: a spiny frog (almost dead) Decaying hands burst forth from the earth!
Zombie hands grab the spiny frog.
The shadow is unaffected.
The zombie hands constrict the spiny frog.
You kill the spiny frog!
Kikubaaqudgha accepts your kill.
You feel sick.
The shadow slips into darkness.
The shadow flickers and vanishes!
Deactivating autopickup; reactivate with Ctrl-A.
You hit something. You bite something.
You feel sick.
You hit something.
You feel sick.
The shadow strikes at you from the darkness!
You die...
Kikubaaqudgha rasps: "You have failed me!
Welcome... death!"

♣♣..≈.≈.♣ ♣♣♣♣ ♣.≈≈≈.≈≈≈.♣
♣♣♣♣≈♣♣♣♣♣..♣♣♣♣♣ ♣♣≈♣♣.≈≈.♣♣
♣♣♣♣♣♣≈≈≈..♣≈♣ ♣♣♣≈...♣≈♣
♣♣≈≈≈.≈≈..≈♣♣♣♣ ♣≈...≈.♣♣ ♣
♣≈♣≈...≈≈.≈≈..♣♣♣♣≈♣♣.≈♣ ♣
♣♣♣♣..≈≈≈..≈≈≈....≈♣≈..♣ ♣
♣.≈..≈≈≈≈≈≈≈..≈.≈.≈≈♣♣ ♣♣♣♣
♣♣.≈≈.≈{≈≈≈≈.≈§≈..≈≈≈.♣ ♣♣..♣
♣♣≈≈≈≈≈.≈@.≈.≈.≈≈.♣....♣♣♣
♣§≈.♣♣♣≈.≈≈≈≈≈≈.♣♣≈≈.≈≈≈≈♣.≈..≈♣
♣.≈≈§....≈≈≈≈≈≈.♣♣§<.[≈≈.♣.≈≈.♣♣
♣§≈≈.......≈≈≈..♣♣≈≈)..≈.♣♣.....
♣♣...≈♣≈≈...≈≈≈♣♣♣.≈≈...≈♣♣♣♣.≈≈
♣..≈≈≈.....≈≈≈♣♣♣≈....≈♣♣♣♣♣≈≈≈
♣..≈≈≈.≈≈≈≈≈.♣♣♣.≈≈.≈♣≈≈♣≈♣♣.≈≈
♣♣.≈≈≈≈≈≈≈≈.♣♣♣♣≈≈≈.≈≈≈..♣♣♣..≈
♣.≈≈.≈≈≈≈≈≈.≈♣≈≈≈....≈≈..≈♣♣≈..


There were no monsters in sight!

Vanquished Creatures
  Rupert (Lair:5)
  Frances (Swamp:2)
  Louise (D:14)
  A fire dragon (D:12)
  Erolcha (D:12)
  Josephine (D:14)
  Snorg (D:12)
  Harold (D:7)
  Fannar (Orc:1)
  13 hydras
  A shambling mangrove (Swamp:3)
  A ghost crab (Swamp:4)
  2 dancing weapons (D:14)
  4 ogre magi (Orc:2)
  12 alligators
  A centaur warrior (D:12)
  23 two-headed ogres
  2 death yaks
  A sun demon (Lair:6)
  4 spriggan druids
  4 unseen horrors
  3 orc knights
  2 wizards
  9 ugly things
  4 manticores
  13 elephants
  3 cyclopes
  Maurice (D:12)
  3 black mambas
  Joseph (D:7)
  3 orange demons (Lair:6)
  2 gargoyles
  2 torpor snails (Lair:5)
  A smoke demon (Lair:6)
  14 spiny frogs
  9 centaur skeletons
  5 rime drakes (Lair:6)
  A kobold demonologist (D:13)
  A yaktaur (D:12)
  8 komodo dragons
  A tengu conjurer (D:13)
  An efreet (D:11)
  2 ice devils (Lair:6)
  9 trolls
  A red devil (Lair:6)
  A jumping spider (Lair:2)
  2 hornets
  2 polar bears
  5 tyrant leeches
  Grinder (D:6)
  A wolf spider simulacrum (D:12)
  A meliai (D:12)
  23 blink frogs
  4 bog bodies
  Prince Ribbit (D:6)
  3 meliai zombies
  19 slime creatures
  9 hippogriffs
  3 shadows
  A tarantella (shapeshifter) (D:13)
  Sigmund (D:6)
  A spriggan (Swamp:3)
  Eustachio (D:6)
  2 vampires
  7 wyverns
  40 yaks
  8 basilisks
  Grum (D:8)
  4 wraiths (D:14)
  A neqoxec (Lair:6)
  17 vampire mosquitoes
  4 hungry ghosts
  4 wargs
  An acid dragon (D:12)
  A soldier ant (D:13)
  3 hell hounds
  9 swamp worms
  10 water moccasins
  3 porcupines
  A floating eye (shapeshifter) (D:12)
  6 swamp drakes
  4 ice beasts
  21 orc warriors
  5 sky beasts
  4 black bears
  3 eyes of draining
  35 ogres
  A necrophage (D:7)
  10 wolves
  6 phantoms
  9 centaurs
  8 crocodiles
  3 big kobolds
  20 bullfrogs
  A wyvern zombie (D:14)
  A gnoll sergeant (Orc:2)
  6 scorpions
  56 killer bees
  4 jellies
  9 wights
  3 electric eels
  8 howler monkeys
  6 crimson imps
  4 bullfrog zombies
  2 quasits
  10 hounds
  13 orc priests
  7 bullfrog skeletons
  20 orc wizards
  3 iguanas
  8 worker ants
  A bullfrog simulacrum (D:12)
  Robin (D:2)
  8 adders
  7 gnolls
  A shadow imp (D:12)
  A white imp (D:11)
  An ufetubus (D:11)
  2 adder zombies
  2 adder skeletons
  3 worms
  2 dart slugs
  6 leopard geckos
  78 orcs
  11 bats
  11 giant cockroaches
  16 goblins
  13 hobgoblins
  2 jackals (D:5)
  7 quokkas
  2 ball pythons (D:4)
  6 frilled lizards
  30 kobolds
  2 leopard gecko skeletons
  2 quokka skeletons
  7 rats
889 creatures vanquished.

Vanquished Creatures (collateral kills)
  2 hydras
  2 alligators (Swamp:3)
  2 spiny frogs
  3 hornets (Swamp:3)
  A spriggan (Swamp:3)
  A vampire mosquito (Swamp:4)
  2 swamp worms
  A porcupine (Lair:4)
  A water moccasin (Lair:4)
  A hound (D:5)
  A leopard gecko (D:5)
  A jackal (D:5)
18 creatures vanquished.

Vanquished Creatures (others)
  A quokka (D:7)
  8 briar patches (Swamp:4)
  14 fungi
  15 plants
  3 tentacles (Abyss:2)
41 creatures vanquished.

Grand Total: 948 creatures vanquished

Notes
Turn   | Place    | Note
-------+----------+-------------------------------------------
     0 | D:1      | MisterFreud the Gnoll Necromancer began the quest for the
                  | Orb.
     0 | D:1      | Reached XP level 1. HP: 13/13 MP: 6/6
   121 | D:1      | Reached XP level 2. HP: 14/19 MP: 5/7
  1103 | D:1      | Reached XP level 3. HP: 24/25 MP: 9/9
  1233 | D:1      | Reached skill level 5 in Spellcasting
  1373 | D:1      | Learned a level 3 spell: Vampiric Draining
  1377 | D:1      | Learned a level 3 spell: Regeneration
  1450 | D:2      | Noticed Robin
  1482 | D:2      | Reached skill level 1 in Invocations
  1512 | D:2      | Reached skill level 1 in Fighting
  1512 | D:2      | Reached skill level 1 in Short Blades
  1512 | D:2      | Reached skill level 1 in Long Blades
  1512 | D:2      | Reached skill level 1 in Axes
  1512 | D:2      | Reached skill level 1 in Maces & Flails
  1512 | D:2      | Reached skill level 1 in Polearms
  1512 | D:2      | Reached skill level 1 in Staves
  1512 | D:2      | Reached skill level 1 in Slings
  1512 | D:2      | Reached skill level 1 in Bows
  1512 | D:2      | Reached skill level 1 in Crossbows
  1512 | D:2      | Reached skill level 1 in Throwing
  1512 | D:2      | Reached skill level 1 in Armour
  1512 | D:2      | Reached skill level 1 in Shields
  1512 | D:2      | Reached skill level 1 in Unarmed Combat
  1512 | D:2      | Reached skill level 1 in Evocations
  1517 | D:2      | Killed Robin
  1517 | D:2      | Reached XP level 4. HP: 19/32 MP: 1/11
  1566 | D:2      | Found a bloodstained altar of Trog.
  1753 | D:2      | Reached skill level 1 in Conjurations
  1753 | D:2      | Reached skill level 1 in Hexes
  1753 | D:2      | Reached skill level 1 in Charms
  1753 | D:2      | Reached skill level 1 in Summonings
  1753 | D:2      | Reached skill level 1 in Translocations
  1753 | D:2      | Reached skill level 1 in Transmutations
  1753 | D:2      | Reached skill level 1 in Fire Magic
  1753 | D:2      | Reached skill level 1 in Ice Magic
  1753 | D:2      | Reached skill level 1 in Air Magic
  1753 | D:2      | Reached skill level 1 in Earth Magic
  1753 | D:2      | Reached skill level 1 in Poison Magic
  1826 | D:2      | Reached XP level 5. HP: 15/37 MP: 3/12
  1847 | D:2      | Learned a level 4 spell: Animate Dead
  2281 | D:3      | Noticed an ogre
  2287 | D:3      | Killed an ogre
  2287 | D:3      | Reached XP level 6. HP: 44/44 MP: 13/13
  2615 | D:3      | Found a blossoming altar of Fedhas.
  2634 | D:3      | Noticed an oklob plant
  2911 | D:3      | Reached skill level 5 in Dodging
  3047 | D:4      | Reached XP level 7. HP: 13/50 MP: 6/15
  3260 | D:4      | Got a polished ring mail
  3271 | D:4      | Identified the cursed +0 ring mail of Mehoy {+Fly rC+} (You
                  | found it on level 4 of the Dungeon)
  3287 | D:4      | Found a glowing golden altar of the Shining One.
  3752 | D:5      | Entered Level 5 of the Dungeon
  3765 | D:5      | Reached skill level 5 in Stealth
  3917 | D:5      | Found a staircase to the Ecumenical Temple.
  3961 | Temple   | Entered the Ecumenical Temple
  4135 | Temple   | Became a worshipper of Kikubaaqudgha
  4222 | D:5      | Reached XP level 8. HP: 51/57 MP: 16/16
  4726 | D:6      | Found the ring of Robustness {AC+8}
  4826 | D:6      | Noticed Grinder
  4826 | D:6      | Noticed Sigmund
  4841 | D:6      | Killed Sigmund
  4875 | D:6      | HP: 2/58 [Grinder (1)]
  4878 | D:6      | Killed Grinder
  4961 | D:6      | Noticed Prince Ribbit
  5066 | D:6      | Noticed Eustachio
  5127 | D:6      | Killed Prince Ribbit
  5127 | D:6      | Reached XP level 9. HP: 30/65 MP: 5/18
  5215 | D:6      | Killed Eustachio
  5741 | D:7      | Noticed Joseph
  5779 | D:7      | Found a shimmering altar of Xom.
  5782 | D:7      | Found a shimmering altar of Xom.
  5811 | D:7      | Found a shimmering altar of Xom.
  5814 | D:7      | Found a shimmering altar of Xom.
  5817 | D:7      | Found a shimmering altar of Xom.
  5817 | D:7      | Found a shimmering altar of Xom.
  5819 | D:7      | Found a shimmering altar of Xom.
  6036 | D:7      | Killed Joseph
  6040 | D:7      | Reached * piety under Kikubaaqudgha
  6040 | D:7      | Identified Kikubaaqudgha's Tome of Necromancy
                  | (Kikubaaqudgha gifted it to you on level 7 of the Dungeon)
  6040 | D:7      | Received a gift from Kikubaaqudgha
  6124 | D:7      | Found a white marble altar of Elyvilon.
  6157 | D:7      | Reached skill level 5 in Invocations
  6241 | D:7      | Reached XP level 10. HP: 71/73 MP: 20/20
  6261 | D:7      | Found a runed gate.
  6261 | D:7      | Found a runed gate.
  6262 | D:7      | Found a runed gate.
  6263 | D:7      | Noticed zkyp's ghost (novice DgGl)
  6265 | D:7      | Noticed a kobold demonologist
  6442 | D:7      | Noticed Harold
  6502 | D:7      | Killed Harold
  6502 | D:7      | Reached skill level 5 in Fighting
  6502 | D:7      | Reached skill level 5 in Short Blades
  6502 | D:7      | Reached skill level 5 in Long Blades
  6502 | D:7      | Reached skill level 5 in Axes
  6502 | D:7      | Reached skill level 5 in Maces & Flails
  6502 | D:7      | Reached skill level 5 in Polearms
  6502 | D:7      | Reached skill level 5 in Staves
  6502 | D:7      | Reached skill level 5 in Slings
  6502 | D:7      | Reached skill level 5 in Bows
  6502 | D:7      | Reached skill level 5 in Crossbows
  6502 | D:7      | Reached skill level 5 in Throwing
  6502 | D:7      | Reached skill level 5 in Armour
  6502 | D:7      | Reached skill level 5 in Shields
  6502 | D:7      | Reached skill level 5 in Unarmed Combat
  6502 | D:7      | Reached skill level 5 in Evocations
  6998 | D:8      | Noticed a two-headed ogre
  7013 | D:8      | Killed a two-headed ogre
  7787 | D:8      | Noticed Grum
  7826 | D:8      | Reached ** piety under Kikubaaqudgha
  7834 | D:8      | Killed Grum
  7845 | D:8      | Reached XP level 11. HP: 72/81 MP: 2/22
  8667 | D:9      | Noticed a green ugly thing
  8693 | D:9      | Killed a brown ugly thing
  9280 | D:10     | Entered Level 10 of the Dungeon
  9352 | D:10     | Reached skill level 5 in Conjurations
  9352 | D:10     | Reached skill level 5 in Hexes
  9352 | D:10     | Reached skill level 5 in Charms
  9352 | D:10     | Reached skill level 5 in Summonings
  9352 | D:10     | Reached skill level 5 in Translocations
  9352 | D:10     | Reached skill level 5 in Transmutations
  9352 | D:10     | Reached skill level 5 in Fire Magic
  9352 | D:10     | Reached skill level 5 in Ice Magic
  9352 | D:10     | Reached skill level 5 in Air Magic
  9352 | D:10     | Reached skill level 5 in Earth Magic
  9352 | D:10     | Reached skill level 5 in Poison Magic
  9427 | D:10     | Noticed a two-headed ogre
  9434 | D:10     | Killed a two-headed ogre
  9661 | D:10     | Found a staircase to the Lair.
  9685 | D:10     | Found Hibar's General Store.
 10158 | D:10     | Reached *** piety under Kikubaaqudgha
 10158 | D:10     | Identified Kikubaaqudgha's Reference Book on Stolen Souls
                  | (Kikubaaqudgha gifted it to you on level 10 of the Dungeon)
 10158 | D:10     | Received a gift from Kikubaaqudgha
 10381 | Lair:1   | Entered Level 1 of the Lair of Beasts
 10934 | Lair:1   | Noticed a five-headed hydra
 10951 | Lair:1   | Killed a five-headed hydra
 11128 | Lair:2   | Reached XP level 12. HP: 89/89 MP: 24/24
 11430 | Lair:2   | Got a faintly humming cloak
 11436 | Lair:2   | Identified the +2 cloak "Tyunuczu" {rElec rN+} (You found
                  | it on level 2 of the Lair of Beasts)
 11688 | Lair:2   | Found a hole to the Spider Nest.
 11719 | Lair:2   | Identified a scroll of acquirement
 11813 | Lair:2   | Found a staircase to the Swamp.
 13498 | Lair:3   | Reached **** piety under Kikubaaqudgha
 13699 | Lair:3   | Noticed a four-headed hydra
 14991 | Lair:3   | Reached ***** piety under Kikubaaqudgha
 15172 | Lair:3   | Killed a four-headed hydra
 15339 | Lair:3   | Reached XP level 13. HP: 92/98 MP: 26/26
 16932 | Lair:5   | Found a staircase to the Slime Pits.
 17231 | Lair:5   | Noticed Rupert
 17274 | Lair:5   | Killed Rupert
 17356 | Lair:5   | Found a runed gate.
 17671 | Lair:5   | Found a runed gate.
 17672 | Lair:5   | Found a runed gate.
 17672 | Lair:5   | Noticed Xeddua's ghost (journeyman MiBe)
 18173 | Lair:6   | Entered Level 6 of the Lair of Beasts
 18247 | Lair:6   | Reached skill level 10 in Necromancy
 18861 | Lair:6   | Reached skill level 10 in Spellcasting
 18913 | Lair:6   | Reached XP level 14. HP: 44/106 MP: 5/28
 19779 | Lair:6   | Reached skill level 10 in Dodging
 19863 | Lair:6   | Cast into level 2 of the Abyss (a wizard)
 20023 | Abyss:2  | Noticed a white draconian
 20065 | Abyss:2  | Noticed a kraken
 20080 | Lair:6   | Escaped the Abyss
 20086 | Lair:6   | Gained mutation: Your magical capacity is low. (-10% MP) [a
                  | neqoxec]
 20087 | Lair:6   | Gained mutation: You are weak. (Str -2) [a neqoxec]
 20089 | Lair:6   | Gained mutation: You are clumsy. (Dex -2) [a neqoxec]
 20170 | Lair:6   | Found a burning altar of Makhleb.
 21234 | D:11     | Reached ****** piety under Kikubaaqudgha
 21537 | D:11     | Learned a level 5 spell: Borgnjor's Vile Clutch
 21743 | D:11     | Found Bur Men's Armour Emporium.
 21744 | D:11     | Found a staircase to the Orcish Mines.
 21892 | D:11     | Found Otipn's Weapon Emporium.
 21943 | D:11     | Reached skill level 10 in Stealth
 22037 | D:11     | Bought a +2 buckler of cold resistance for 236 gold pieces
 23200 | D:12     | Reached skill level 10 in Invocations
 23355 | D:12     | Paralysed by a floating eye for 3 turns
 23399 | D:12     | Noticed Maurice
 23801 | D:12     | Noticed Snorg
 23945 | D:12     | Killed Maurice
 24185 | D:12     | Noticed Erolcha
 24496 | D:12     | Got a pitted scythe
 24520 | D:12     | Killed Erolcha
 24613 | D:12     | Killed Snorg
 24845 | D:12     | Reached XP level 15. HP: 90/114 MP: 26/26
 25163 | D:12     | HP: 1/114 [fire dragon/blast of flame (28)]
 26566 | D:14     | Found a gate to the Vaults.
 26770 | D:14     | Reached skill level 10 in Fighting
 26770 | D:14     | Reached skill level 10 in Short Blades
 26770 | D:14     | Reached skill level 10 in Long Blades
 26770 | D:14     | Reached skill level 10 in Axes
 26770 | D:14     | Reached skill level 10 in Maces & Flails
 26770 | D:14     | Reached skill level 10 in Polearms
 26770 | D:14     | Reached skill level 10 in Staves
 26770 | D:14     | Reached skill level 10 in Slings
 26770 | D:14     | Reached skill level 10 in Bows
 26770 | D:14     | Reached skill level 10 in Crossbows
 26770 | D:14     | Reached skill level 10 in Throwing
 26770 | D:14     | Reached skill level 10 in Armour
 26770 | D:14     | Reached skill level 10 in Shields
 26770 | D:14     | Reached skill level 10 in Unarmed Combat
 26770 | D:14     | Reached skill level 10 in Evocations
 26820 | D:14     | Noticed Josephine
 26848 | D:14     | Killed Josephine
 26979 | D:14     | Noticed Louise
 27003 | D:14     | Killed Louise
 27156 | D:10     | Bought a scroll of enchant weapon for 97 gold pieces
 27156 | D:10     | Bought a scroll of enchant armour for 97 gold pieces
 27215 | Orc:1    | Entered Level 1 of the Orcish Mines
 27369 | Orc:2    | Entered Level 2 of the Orcish Mines
 27387 | Orc:2    | Found a staircase to the Elven Halls.
 27412 | Orc:2    | Found Tuelyfel's Food Shop.
 27488 | Orc:1    | Noticed Fannar
 27650 | Orc:1    | Killed Fannar
 28140 | Orc:2    | Reached XP level 16. HP: 117/123 MP: 18/28
 28486 | Orc:2    | Found Keung's Antique Weapon Boutique.
 28486 | Orc:2    | Found Qitoef's Distillery.
 28491 | Orc:2    | Found Exze's Book Emporium.
 28491 | Orc:2    | Found Gyts's General Store.
 28509 | Orc:2    | Bought a scroll of teleportation for 33 gold pieces
 28512 | Orc:2    | Bought a book of the Sky for 845 gold pieces
 28517 | Orc:2    | Learned a level 4 spell: Summon Lightning Spire
 29416 | Lair:6   | Found a gateway to Hell.
 29554 | Swamp:1  | Entered Level 1 of the Swamp
 31307 | Swamp:2  | Noticed Frances
 31321 | Swamp:1  | Upgraded the game from 0.23-a0-242-g2b5ca64 to
                  | 0.23-a0-269-g65e0026
 31330 | Swamp:1  | Identified a +7 demon trident of pain (a +5 vampiric demon
                  | trident bloodied by Kikubaaqudgha)
 31330 | Swamp:1  | Received a gift from Kikubaaqudgha
 31350 | Swamp:1  | Learned a level 3 spell: Spectral Weapon
 31357 | Swamp:1  | Learned a level 6 spell: Death Channel
 31393 | Swamp:2  | Killed Frances
 32510 | Swamp:4  | Entered Level 4 of the Swamp
 32529 | Swamp:4  | Reached XP level 17. HP: 131/131 MP: 22/29
 32707 | Swamp:3  | Slain by a shadow

Vault maps used:
D:1:      scummos_arrival_star
D:2:      bloody_trog, uniq_robin
D:3:      first_ration, tgw_fedhas
D:4:      nicolae_overflow_hidden_temple, minmay_tree_intersection
D:5:      minmay_temple_entry_trees
D:6:      serial_bayou_pond_c, uniq_eustachio, uniq_grinder,
          uniq_prince_ribbit1, uniq_sigmund
D:7:      elyvilon_altar_4, nicolae_xom_altar_mimics,
          gammafunk_ghost_nasty_kobolds, grunt_ogre_cave, uniq_joseph,
          uniq_harold
D:8:      uniq_grum
D:10:     erik_lair_orcish_takeover, serial_shops, nicolae_shop_stone,
          minmay_liquid_box, kennysheep_generic_room_9
D:11:     orc_david_3, serial_ice, serial_ice_m, serial_ice_a, serial_ice_g,
          serial_ice_j, serial_ice_o, serial_ice_d, serial_ice_c
D:12:     minmay_the_grid_octo_tiled_squarecenter_mashed, uniq_snorg,
          uniq_maurice, uniq_erolcha
D:13:     lightli_wizard_tower
D:14:     erik_vaults_1, hangedman_abyss_or_decor_passed, uniq_josephine,
          uniq_louise
Temple:   hc_temple_tempest_star
Lair:1:   grunt_megastairs_5, lemuel_fruit_fields, infiniplex_staircase_pool_2
Lair:2:   swamp_mist, spider_nest_entry_rubble, lemuel_fruit_fields
Lair:3:   wad_woods_minihive, kennysheep_basilisk_garden
Lair:5:   slime_dummy, gammafunk_ghost_hydra_chop, dpeg_oklob_1,
          serial_bayou_shore_a, uniq_rupert
Lair:6:   evil_forest, st_stairs_13, infiniplex_staircase_pool
Swamp:1:  evilmike_swamp_ruin_house_1
Swamp:2:  wheals_swamp_sinkhole, uniq_frances
Swamp:3:  nicolae_swamp_trees_clearing
Swamp:4:  swamp, swamp_pool4
Orc:1:    sword_in_stone, uniq_fannar
Orc:2:    st_orc_ogre_mass, serial_shops, nicolae_shop_crystal

Skill      XL: |  1  2  3  4  5  6  7  8  9 10 11 12 13 14 15 16 17 |
---------------+----------------------------------------------------+-----
Spellcasting   | 5 6 7 8 9 10 11 12 | 12.0
Invocations    | 1 2 3 4 5 6 7 8 9 10 11 12 | 12.0
Fighting       | 1 2 3 4 5 6 7 8 9 10 11 | 11.1
Short Blades   | 1 2 3 4 5 6 7 8 9 10 11 | 11.1
Long Blades    | 1 2 3 4 5 6 7 8 9 10 11 | 11.1
Axes           | 1 2 3 4 5 6 7 8 9 10 11 | 11.1
Maces & Flails | 1 2 3 4 5 6 7 8 9 10 11 | 11.1
Polearms       | 1 2 3 4 5 6 7 8 9 10 11 | 11.1
Staves         | 1 2 3 4 5 6 7 8 9 10 11 | 11.1
Slings         | 1 2 3 4 5 6 7 8 9 10 11 | 11.1
Bows           | 1 2 3 4 5 6 7 8 9 10 11 | 11.1
Crossbows      | 1 2 3 4 5 6 7 8 9 10 11 | 11.1
Throwing       | 1 2 3 4 5 6 7 8 9 10 11 | 11.1
Armour         | 1 2 3 4 5 6 7 8 9 10 11 | 11.1
Shields        | 1 2 3 4 5 6 7 8 9 10 11 | 11.1
Unarmed Combat | 1 2 3 4 5 6 7 8 9 10 11 | 11.1
Evocations     | 1 2 3 4 5 6 7 8 9 10 11 | 11.1
Conjurations   | 1 2 3 4 5 6 7 8 9 |  9.4
Hexes          | 1 2 3 4 5 6 7 8 9 |  9.4
Charms         | 1 2 3 4 5 6 7 8 9 |  9.4
Summonings     | 1 2 3 4 5 6 7 8 9 |  9.4
Translocations | 1 2 3 4 5 6 7 8 9 |  9.4
Transmutations | 1 2 3 4 5 6 7 8 9 |  9.4
Fire Magic     | 1 2 3 4 5 6 7 8 9 |  9.4
Ice Magic      | 1 2 3 4 5 6 7 8 9 |  9.4
Air Magic      | 1 2 3 4 5 6 7 8 9 |  9.4
Earth Magic    | 1 2 3 4 5 6 7 8 9 |  9.4
Poison Magic   | 1 2 3 4 5 6 7 8 9 |  9.4
Dodging        | 5 6 7 8 9 10 11 | 11.9
Stealth        | 5 6 7 8 9 10 11 | 11.8
Necromancy     | 8 9 10 11 | 11.6

Action                   |  1- 3 |  4- 6 |  7- 9 | 10-12 | 13-15 | 16-18 || total
-------------------------+-------+-------+-------+-------+-------+-------++-------
Melee: Dagger            |   154 |   201 |   587 |  1766 |  1975 |       ||  4683
       Bite              |    13 |    13 |    63 |   172 |   444 |    87 ||   792
       Punch             |     1 |     1 |    15 |    53 |   109 |       ||   179
       Scimitar          |       |       |       |       |   726 |       ||   726
       Hunting sling     |       |       |       |       |     2 |       ||     2
       Demon trident     |       |       |       |       |   347 |   920 ||  1267
 Fire: Hunting sling     |       |    32 |    65 |   319 |   245 |       ||   661
 Cast: Pain              |    15 |       |       |       |       |       ||    15
       Regeneration      |     3 |     4 |     7 |    25 |    48 |    24 ||   111
       Vampiric Draining |     1 |    11 |    26 |    95 |   122 |     2 ||   257
       Animate Dead      |       |       |     1 |     1 |     1 |     1 ||     4
       Summon Lightning  |       |       |       |       |       |    13 ||    13
       Borgnjor's Vile C |       |       |       |       |       |     8 ||     8
       Spectral Weapon   |       |       |       |       |       |     1 ||     1
Invok: Brand Weapon With |       |       |       |       |       |     1 ||     1
Evoke: Wand              |       |       |       |    16 |    18 |     1 ||    35
  Use: Scroll            |       |     2 |    10 |    14 |    28 |     5 ||    59
       Potion            |       |     1 |     1 |     4 |     4 |     3 ||    13
 Stab: Sleeping          |     5 |     8 |     5 |    14 |    21 |    12 ||    65
       Distracted        |       |       |     2 |     2 |     5 |     2 ||    11
       Confused          |       |       |       |       |     1 |       ||     1
  Eat: Chunk             |     2 |     6 |    13 |    17 |    31 |    14 ||    83
       Ration            |       |       |       |     4 |     7 |     2 ||    13
Armor: Robe              |    23 |    38 |     5 |       |       |       ||    66
       Ring mail         |       |       |   175 |   768 |   849 |       ||  1792
       Fire dragon scale |       |       |       |       |   217 |   446 ||   663
Dodge: Dodged            |   104 |   137 |   409 |  1824 |  2124 |   511 ||  5109
Block: Buckler           |       |       |       |       |   519 |   372 ||   891
       Rpst.: Scimitar   |       |       |       |       |   109 |       ||   109

Table legend:
 A = Non-vault XP
 B = Vault XP
 C = Vault XP percentage of total XP
 D = Non-vault monster count
 E = Vault monster count
 F = Vault count percentage of total count
                 A         B        C        D         E       F
            +---------+---------+-------+---------+---------+-------
      Total |  112540 |   75428 |  40.1 |     670 |     237 |  26.1
            +---------+---------+-------+---------+---------+-------
        D:1 |      46 |       0 |   0.0 |      28 |       0 |   0.0
        D:2 |      98 |      38 |  27.9 |      27 |      13 |  32.5
        D:3 |     437 |       0 |   0.0 |      31 |       0 |   0.0
        D:4 |     290 |       0 |   0.0 |      28 |       0 |   0.0
        D:5 |     420 |       0 |   0.0 |      11 |       0 |   0.0
        D:6 |     687 |     973 |  58.6 |      14 |       4 |  22.2
        D:7 |    1317 |    1599 |  54.8 |      30 |       3 |   9.1
        D:8 |    2892 |     549 |  16.0 |      30 |       4 |  11.8
        D:9 |    1951 |       0 |   0.0 |      18 |       0 |   0.0
       D:10 |    3017 |    1554 |  34.0 |      32 |      10 |  23.8
       D:11 |    7857 |    2150 |  21.5 |      66 |      17 |  20.5
       D:12 |    4966 |   11756 |  70.3 |      40 |      33 |  45.2
       D:13 |   10423 |     780 |   7.0 |      46 |       2 |   4.2
       D:14 |    8904 |    5341 |  37.5 |      24 |       8 |  25.0
     Lair:1 |    2834 |    1746 |  38.1 |      11 |       4 |  26.7
     Lair:2 |    2519 |     376 |  13.0 |      13 |       2 |  13.3
     Lair:3 |    6460 |    3894 |  37.6 |      19 |      52 |  73.2
     Lair:4 |    6650 |     302 |   4.3 |      26 |       2 |   7.1
     Lair:5 |    2232 |    3043 |  57.7 |      12 |       1 |   7.7
     Lair:6 |   10188 |   11979 |  54.0 |      37 |      26 |  41.3
    Swamp:1 |    6749 |       0 |   0.0 |      22 |       0 |   0.0
    Swamp:2 |   10965 |    2389 |  17.9 |      25 |       1 |   3.8
    Swamp:3 |   14300 |       0 |   0.0 |      32 |       0 |   0.0
    Swamp:4 |    4128 |    2713 |  39.7 |      14 |       4 |  22.2
      Orc:1 |    1624 |    1705 |  51.2 |      24 |       3 |  11.1
      Orc:2 |     586 |   22541 |  97.5 |      10 |      48 |  82.8
            +---------+---------+-------+---------+---------+-------
